 Dungeon Crawl Stone Soup version 0.20-a0-1079-gb2cf7a4 (webtiles) character file.

17471 JiminyCricket the Bludgeoner (level 12, -6/112 HPs)
             Began as a Minotaur Berserker on Apr 29, 2017.
             Was a High Priest of Trog.
             Mangled by Snorg (17 damage)
             ... on level 10 of the Dungeon on Apr 30, 2017.
             The game lasted 01:05:55 (14881 turns).

JiminyCricket the Bludgeoner (Minotaur Berserker)  Turns: 14881, Time: 01:05:56

Health: -6/112     AC: 18    Str: 25    XL:     12   Next: 19%
Magic:  11/11      EV:  8    Int:  8    God:    Trog [*****.]
Gold:   1042       SH:  0    Dex: 12    Spells: 11/11 levels left

rFire    . . .     SeeInvis .   l - +4 battleaxe of Acarine's Bane {speed, Int+4}
rCold    + . .     Gourm    .   (shield currently unavailable)
rNeg     . . .     Faith    .   O - +0 plate armour {MR+}
rPois    .         Spirit   .   y - +0 hat {MR+}
rElec    .         Reflect  .   E - +0 cloak
rCorr    .         Harm     .   C - +0 pair of gloves
MR       ++...                  (no boots)
Stlth    ..........             (no amulet)
Regen    0.3/turn               X - ring of protection from cold
MPRegen  0.2/turn               (no ring)

@: lethally poisoned (-6 -> -14), about to teleport, slowed, very slow
A: retaliatory headbutt, horns 2
a: Berserk, Trog's Hand, Brothers in Arms, Burn Spellbooks, Renounce Religion


You were on level 10 of the Dungeon.
You worshipped Trog.
Trog was extremely pleased with you.
You were not hungry.

You visited 1 branch of the dungeon, and saw 11 of its levels.
You also visited: Ossuary.

You collected 1042 gold pieces.

Inventory:

Hand Weapons
 l - the +4 battleaxe of Acarine's Bane (weapon) {speed, Int+4}
   (Trog gifted it to you on level 9 of the Dungeon)

   Attacks with this weapon are significantly faster.
   It affects your intelligence (+4).
 G - a +1 shortbow of velocity
 P - a +5 great mace of venom
Missiles
 F - 107 arrows
Armour
 y - a +0 hat of magic resistance (worn)
 z - a +0 ring mail of fire resistance
 C - a +0 pair of gloves (worn)
 E - a +0 cloak (worn)
 O - a +0 plate armour of magic resistance (worn)
 Y - the +1 robe of Happy Babbling {+Inv Regen+ Dex-5 Stlth+}
   (You found it on level 10 of the Dungeon)

   It affects your dexterity (-5).
   It lets you turn invisible.
   It increases your rate of regeneration.
   It makes you more stealthy.
Jewellery
 x - an uncursed ring of fire
 U - the ring "Cikorene" {Str-3 Int+4}
   (You found it on level 8 of the Dungeon)

   [ring of strength]

   It affects your strength (-3).
   It affects your intelligence (+4).
 X - a ring of protection from cold (left hand)
Wands
 o - a wand of acid (7/15)
 B - a wand of digging (12/24)
 H - a wand of polymorph (7/24)
 L - a wand of flame (11/48)
 M - a wand of lightning (5/15)
 N - a wand of disintegration (9/24)
 V - a wand of flame (22/48)
 W - a wand of scattershot (3/9)
Scrolls
 d - 4 scrolls of enchant armour {unknown}
 e - 7 scrolls of teleportation
 f - 4 scrolls of enchant weapon {unknown}
 i - 4 scrolls of fog {unknown}
 j - 9 scrolls of identify
 k - 2 scrolls of remove curse
 m - a scroll of blinking {unknown}
 p - 2 scrolls of recharging {unknown}
 r - a scroll of magic mapping {unknown}
 Q - a scroll of amnesia {unknown}
 S - a scroll of silence {unknown}
Potions
 g - 4 potions of heal wounds {unknown}
 h - 5 potions of lignification {unknown}
 n - 2 potions of might
 q - a potion of brilliance {unknown}
 s - a potion of berserk rage {unknown}
 t - 3 potions of degeneration {unknown}
 v - 3 potions of haste {unknown}
 w - 2 potions of mutation {unknown}
 I - 2 potions of curing {unknown}
 J - 4 potions of flight {unknown}
 K - a potion of invisibility {unknown}
 R - 2 potions of magic {unknown}
Books
 c - a book of Geomancy

   Spells                             Type                      Level
   a - Sandblast                      Earth                        1
   b - Passwall                       Transmutation/Earth          2
   c - Stone Arrow                    Conjuration/Earth            3
   d - Petrify                        Transmutation/Earth          4
   e - Lee's Rapid Deconstruction     Earth                        5
   Trog disapproves of the use of such an item.
 T - a book of Flames

   Spells                             Type                      Level
   a - Flame Tongue                   Conjuration/Fire             1
   b - Throw Flame                    Conjuration/Fire             2
   c - Conjure Flame                  Conjuration/Fire             3
   d - Inner Flame                    Hexes/Fire                   3
   e - Sticky Flame                   Conjuration/Fire             4
   f - Fireball                       Conjuration/Fire             5
   Trog disapproves of the use of such an item.
Comestibles
 b - 2 meat rations
 u - 2 royal jellies


   Skills:
 + Level 12.3 Fighting
 * Level 6.8(12.0) Axes
 - Level 15.1(15.6) Maces & Flails
 + Level 12.1 Armour
 - Level 2.1 Dodging


You had 11 spell levels left.
You didn't know any spells.

Dungeon Overview and Level Annotations

Branches:
Dungeon (11/15)            Temple (0/1) D:6            Lair (0/6) D:10
    Orc: D:9-12

Altars:
Cheibriados
Hepliaklqana
Kikubaaqudgha
Nemelex Xobeh
Qazlal
Ru
Uskayaw
The Shining One

Shops:
D:6 *   D:9 *((??   D:10 }

Annotations:
D:10 Snorg
D:11 Sonja


Innate Abilities, Weirdness & Mutations

You reflexively headbutt those who attack you in melee.
You have a pair of horns on your head.


Message History

* * * LOW HITPOINT WARNING * * *
Snorg claws you.
* * * LOW HITPOINT WARNING * * *
Snorg barely misses you.
Sonja mumbles some strange words.
Sonja blinks!
Snorg bites you!
* * * LOW HITPOINT WARNING * * *
Snorg misses you. Snorg closely misses you.
The centaur shoots an arrow.
The arrow hits you.
* * * LOW HITPOINT WARNING * * *
You climb upwards.
You feel very sick.
There is a stone staircase leading down here.
Items here: )))) a +0 flail of protection; a +2 mace of crushing; a +1 dire flail of protection a +0 hand axe
As you read the scroll of teleportation, it crumbles to dust.
You feel strangely unstable.
You feel sick. Snorg bites you but does no damage. Snorg misses you.
Snorg closely misses you. Snorg bites you!
You die...

#.........#
#..........##.##..
#.......###
#..........##.....
#..#'#..#
#..........#####..
...#∩#..#
#..........# #..
#..###..#
#########.## #..
#......## ##......#
#.. ###....#
#..###### ###
##.###
####.##########
##.#
#.@)..........# ##
#..#
#)[T..........# #.
#.##
#.............# #.
#.# #....<........#
#. #.#
#.............####.
#.#
#................#.
###.#
#.............##.#.
#...#
#.............##...
#.###
##.###############.


You could see Snorg (berserk).

Vanquished Creatures
  Gastronok (D:11)
  Erolcha (D:11)
  Erica (D:8)
  A two-headed ogre (D:6)
  An orc knight (D:7)
  An orc sorcerer (D:7)
  A manticore (D:10)
  2 cyclopes
  Maurice (D:9)
  4 centaur zombies
  Psyche (D:11)
  A kobold demonologist (D:10)
  2 komodo dragons
  A troll (D:11)
  2 hornets (D:10)
  Grinder (D:6)
  2 hippogriffs
  A wraith (Ossuary)
  A wyvern (D:11)
  A steam dragon (D:10)
  An acid dragon (D:10)
  14 wargs (D:8)
  A water moccasin (D:7)
  2 sky beasts
  A black bear (shapeshifter) (D:10)
  3 ice beasts
  8 orc warriors
  3 ogres
  The ghost of three the Chopper, an amateur HOFi (D:3)
  3 black bears
  2 phantoms
  6 centaurs
  An elf zombie (D:6)
  7 bullfrogs
  A gnoll sergeant (D:9)
  A wyvern zombie (D:9)
  3 elf skeletons (D:6)
  3 scorpions
  6 killer bees
  A howler monkey (D:8)
  4 crimson imps
  A quasit (D:10)
  A human zombie (D:6)
  7 hounds
  10 orc priests
  3 iguanas
  A jelly (D:6)
  4 bullfrog skeletons
  2 centaur skeletons
  Ijyb (D:4)
  3 human skeletons (D:6)
  8 orc wizards
  10 worker ants
  A hound zombie (D:5)
  A hound skeleton (D:5)
  A mummy (Ossuary)
  Robin (D:4)
  2 worker ant zombies
  8 gnolls
  20 adders
  A shadow imp (D:7)
  3 oozes
  An adder zombie (D:8)
  An adder skeleton (D:7)
  A worm (D:4)
  A dart slug (D:1)
  6 leopard geckos
  73 orcs
  3 giant cockroaches
  16 goblins
  7 hobgoblins
  10 jackals
  15 kobolds
  5 quokkas
  3 bats
  5 frilled lizards
  5 gnoll skeletons (Ossuary)
  A jackal skeleton (D:6)
  8 kobold skeletons (Ossuary)
  A leopard gecko skeleton (D:8)
  15 orc skeletons
  10 rats
375 creatures vanquished.

Vanquished Creatures (others)
  16 plants (D:10)
16 creatures vanquished.

Grand Total: 391 creatures vanquished

Notes
Turn   | Place    | Note
-------+----------+-------------------------------------------
     0 | D:1      | JiminyCricket the Minotaur Berserker began the quest for the Orb.
     0 | D:1      | Reached XP level 1. HP: 19/19 MP: 0/0
    93 | D:1      | Reached XP level 2. HP: 13/27 MP: 1/1
   709 | D:1      | Upgraded the game from 0.20-a0-1074-g6a0a8e1 to 0.20-a0-1075-gc475d56
   869 | D:2      | Reached XP level 3. HP: 31/33 MP: 2/2
   903 | D:2      | Reached ** piety under Trog
  1253 | D:2      | Reached skill level 5 in Axes
  1286 | D:2      | Reached XP level 4. HP: 40/40 MP: 3/3
  2010 | D:3      | Reached XP level 5. HP: 16/47 MP: 4/4
  2298 | D:3      | Found a stormy altar of Qazlal.
  2312 | D:3      | Noticed three's ghost (amateur HOFi)
  2329 | D:3      | Killed three's ghost
  2531 | D:3      | Reached skill level 5 in Fighting
  2531 | D:3      | Reached XP level 6. HP: 56/56 MP: 5/5
  2565 | D:3      | Reached *** piety under Trog
  2569 | D:3      | Upgraded the game from 0.20-a0-1075-gc475d56 to 0.20-a0-1079-gb2cf7a4
  2936 | D:4      | Noticed Robin
  2956 | D:4      | Killed Robin
  3389 | D:4      | Reached skill level 2 in Maces & Flails
  3389 | D:4      | Reached skill level 5 in Armour
  3389 | D:4      | Reached XP level 7. HP: 46/61 MP: 6/6
  3584 | D:4      | Reached skill level 3 in Maces & Flails
  3948 | D:4      | Reached **** piety under Trog
  3996 | D:4      | Noticed Ijyb
  4008 | D:4      | Killed Ijyb
  4171 | D:4      | Noticed a hippogriff
  4183 | D:4      | Killed a hippogriff
  4183 | D:4      | Reached skill level 4 in Maces & Flails
  4440 | D:5      | Entered Level 5 of the Dungeon
  4509 | D:5      | Reached skill level 5 in Maces & Flails
  4696 | D:5      | Reached XP level 8. HP: 69/71 MP: 7/7
  5707 | D:5      | Found an ancient bone altar of Kikubaaqudgha.
  5707 | D:5      | Found a hide-covered altar of Uskayaw.
  5805 | D:6      | Noticed a two-headed ogre
  5819 | D:6      | Killed a two-headed ogre
  5819 | D:6      | Reached skill level 7 in Maces & Flails
  5872 | D:6      | Found a staircase to the Ecumenical Temple.
  5900 | D:6      | Reached XP level 9. HP: 73/81 MP: 8/8
  5931 | D:6      | Reached skill level 8 in Maces & Flails
  5967 | D:6      | Noticed Grinder
  5986 | D:6      | Killed Grinder
  6077 | D:6      | Found a sparkling altar of Nemelex Xobeh.
  6115 | D:6      | Reached skill level 9 in Maces & Flails
  6157 | D:6      | Found a sand-covered staircase.
  6164 | Ossuary  | Entered an ossuary
  6254 | Ossuary  | Reached ***** piety under Trog
  6827 | D:6      | Found a snail-covered altar of Cheibriados.
  6927 | D:6      | Found Deal's Assorted Antiques.
  7145 | D:7      | Reached skill level 10 in Maces & Flails
  8030 | D:8      | Noticed Erica
  8042 | D:8      | Killed Erica
  8042 | D:8      | Reached skill level 11 in Maces & Flails
  8042 | D:8      | Reached XP level 10. HP: 91/91 MP: 9/9
  8143 | D:8      | Received a gift from Trog
  8203 | D:8      | Noticed an ice dragon
  8408 | D:8      | Noticed an orc knight
  8408 | D:8      | Noticed an orc sorcerer
  8414 | D:8      | Noticed a sun demon
  8440 | D:7      | Killed an orc knight
  8440 | D:7      | Reached skill level 10 in Fighting
  8506 | D:7      | Killed an orc sorcerer
  8672 | D:7      | Reached skill level 12 in Maces & Flails
  8718 | D:7      | Reached skill level 10 in Armour
  9830 | D:8      | Reached XP level 11. HP: 65/101 MP: 10/10
 10131 | D:8      | Got a glittering jade ring
 10134 | D:8      | Identified the cursed ring "Cikorene" {Str-3 Int+4} (You found it on level 8 of the Dungeon)
 10191 | D:8      | Found a hazy altar of Hepliaklqana.
 10198 | D:8      | Reached skill level 13 in Maces & Flails
 10324 | D:9      | Found Oschefupn's Weapon Emporium.
 10356 | D:9      | Noticed Maurice
 10362 | D:9      | Killed Maurice
 10535 | D:9      | Found Jafetoet's Antique Weapon Boutique.
 10562 | D:9      | Found Toxoib's Assorted Antiques.
 10610 | D:9      | Found Yxkoqoyb's Magic Scroll Shoppe.
 11009 | D:9      | Found a sacrificial altar of Ru.
 11043 | D:9      | Received a gift from Trog
 11046 | D:9      | Got an ancient battleaxe {god gift}
 11047 | D:9      | Identified the +4 battleaxe of Acarine's Bane {speed, Int+4} (Trog gifted it to you on level 9 of the Dungeon)
 11179 | D:9      | Found Weneklo's Magic Scroll Boutique.
 11297 | D:10     | Entered Level 10 of the Dungeon
 11664 | D:10     | Found Obihunere's Gadget Emporium.
 11728 | D:10     | Found a glowing golden altar of the Shining One.
 12712 | D:10     | Found a staircase to the Lair.
 12891 | D:10     | Got a warped robe
 12902 | D:10     | Identified the cursed +1 robe of Happy Babbling {+Inv Regen+ Dex-5 Stlth+} (You found it on level 10 of the Dungeon)
 13074 | D:11     | Reached skill level 14 in Maces & Flails
 13256 | D:11     | Noticed Erolcha
 13267 | D:11     | Killed Erolcha
 13911 | D:11     | Reached XP level 12. HP: 112/112 MP: 11/11
 13928 | D:11     | Noticed Gastronok
 13942 | D:11     | Killed Gastronok
 13942 | D:11     | Reached skill level 15 in Maces & Flails
 13964 | D:11     | Noticed Psyche
 13974 | D:11     | Killed Psyche
 14862 | D:11     | Noticed Snorg
 14869 | D:11     | Noticed Sonja
 14881 | D:10     | Mangled by Snorg

Vault maps used:
D:1:      lemuel_arrival_rhombus
D:2:      minmay_pentomino_z2
D:3:      grunt_qazlal_sundering, first_bread
D:4:      uniq_robin, uniq_ijyb
D:5:      gammafunk_temple_overflow_elements
D:6:      lemuel_crystal_altar, lemuel_coloured_pillars_altar,
          minmay_temple_entry_fiery, serial_shops, shop,
          nicolae_ossuary_entry_catacombs, minmay_misc_feat_chi, uniq_grinder
D:8:      lemuel_castle_with_subvaults, marbit_many_paths, uniq_erica
D:9:      hangedman_ru_absence, serial_shops, nicolae_shop_trees, shop_coins,
          shop, nicolae_shop_statue_plus, shop, uniq_maurice
D:10:     david_lair_shrubbed, basic_altar, serial_shops, kennysheep_mini_moat
D:11:     cheibrodos_fzero, uniq_snorg, uniq_psyche, uniq_gastronok,
          uniq_erolcha, uniq_sonja
Ossuary:  ossuary_due_mausoleum

Skill      XL: |  1  2  3  4  5  6  7  8  9 10 11 12 |
---------------+-------------------------------------+-----
Axes           | 4 5 6 |  6.8
Armour         | 3 4 5 7 9 10 11 12 | 12.1
Fighting       | 4 5 6 7 9 10 12 | 12.3
Maces & Flails | 2 5 7 11 12 14 15 | 15.1
Dodging        | |  2.1

Action                   |  1- 3 |  4- 6 |  7- 9 | 10-12 || total
-------------------------+-------+-------+-------+-------++-------
Melee: Hand axe          |    76 |   149 |       |       ||   225
       Headbutt          |     9 |    30 |    73 |    69 ||   181
       Mace              |       |    24 |   126 |       ||   150
       Flail             |       |     6 |       |       ||     6
       Dire flail        |       |       |   211 |    16 ||   227
       Great mace        |       |       |       |   211 ||   211
       Battleaxe         |       |       |       |   193 ||   193
Invok: Berserk           |       |     2 |     5 |    11 ||    18
  Use: Scroll            |       |       |     4 |     4 ||     8
 Stab: Distracted        |     1 |       |       |       ||     1
  Eat: Chunk             |     1 |     5 |     9 |    17 ||    32
       Bread ration      |       |     1 |     1 |     1 ||     3
       Meat ration       |       |       |     1 |     3 ||     4
Armor: Animal skin       |     5 |       |       |       ||     5
       Plate armour      |    46 |   101 |   179 |   313 ||   639
Dodge: Dodged            |    33 |    55 |   101 |   187 ||   376
